 Dungeon Crawl Stone Soup version 0.29.0-7-g18a832c13a (webtiles) character file.

Game seed: 9964559578394784961

32 Iusername the Covered (level 3, -7/33 HPs)
             Began as a Minotaur Fighter on Aug 30, 2022.
             Killed by nerve-wracking pain
             ... invoked by Jessica
              (14 damage)
             ... on level 2 of the Dungeon.
             The game lasted 00:01:03 (789 turns).

Iusername the Covered (Minotaur Fighter)             Turns: 789, Time: 00:01:04

Health: -7/33      AC:  7    Str: 22    XL:     3   Next: 8%
Magic:  2/2        EV:  9    Int:  5    God:
Gold:   72         SH:  4    Dex:  9    Spells: 2/2 levels left

rFire   . . .      SeeInvis .   a - +0 trident
rCold   . . .      Faith    .   c - +0 buckler
rNeg    . . .      Spirit   .   b - +0 scale mail
rPois   .          Reflect  .   (helmet restricted)
rElec   .          Harm     .   (no cloak)
rCorr   .          Rampage  .   (no gloves)
Will    .....                   (no boots)
Stlth   ..........              (no amulet)
HPRegen 0.11/turn               (no ring)
MPRegen 0.08/turn               (no ring)

@: no status effects
A: horns 2, retaliatory headbutt
a: no special abilities


You were on level 2 of the Dungeon.
You visited 1 branch of the dungeon, and saw 2 of its levels.

You collected 72 gold pieces.

Inventory:

Hand Weapons
 a - a +0 trident (weapon)
Armour
 b - a +0 scale mail (worn)
 c - a +0 buckler (worn)
Jewellery
 h - a ring of willpower
 i - a +6 ring of dexterity
Scrolls
 f - a scroll of silence {unknown}
 g - a scroll of fear {unknown}
 k - a scroll of enchant armour {unknown}
 l - a scroll of identify {unknown}
 p - a scroll of amnesia {unknown}
Potions
 d - 2 potions of might
 e - 2 potions of degeneration {unknown}
 j - 2 potions of magic {unknown}
 m - a potion of lignification {unknown}
 n - a potion of curing {unknown}
 o - a potion of resistance {unknown}


   Skills:
 + Level 4.1 Fighting
 + Level 2.9 Polearms
 + Level 4.1 Armour
 + Level 4.0 Shields


You had 2 spell levels left.
You didn't know any spells.
Your spell library contained the following spells:

 Spells                   Type           Power      Damage    Failure   Level
 Beastly Appendage        Tmut           0%         N/A       87%         1
 Wereblood                Tmut           0%         N/A       95%         2
 Spider Form              Tmut/Pois      0%         N/A       99%         3


Dungeon Overview and Level Annotations

Branches:
Dungeon (2/15)

Altars:

Annotations:
D:2 Jessica


Innate Abilities, Weirdness & Mutations

You have a pair of horns on your head.
You reflexively headbutt those who attack you in melee.


Message History

You kill the rat!
A bat comes into view.
The bat hits you but does no damage.
A bat is nearby!
You completely miss the bat. Your headbutt misses the bat.
The bat barely misses you.
A bat is nearby!
You reach to attack!
You barely miss the bat. The bat barely misses you. You furiously retaliate!
You headbutt the bat!
You kill the bat!
Jessica the Apprentice Sorceress comes into view.
She is wielding a +0 club and carrying a wand of quicksilver (3).
Jessica shouts!
Jessica zaps a wand.
The bolt of dispelling energy hits you.
You see here a book of Geomancy.
Jessica is nearby!
Found a purple potion.
Jessica zaps a wand.
The bolt of dispelling energy hits you. Jessica gestures at you while chanting.
You resist with some effort.
Jessica is nearby!
Jessica is nearby!
Jessica is nearby!
Jessica is nearby!
Jessica is nearby!
You barely miss Jessica. You headbutt Jessica, but do no damage.
Jessica zaps a wand.
The bolt of dispelling energy hits you!
Ouch! That really hurt!
* * * LOW HITPOINT WARNING * * *
The now-empty wand crumbles to dust.
You are too injured to fight recklessly!
Jessica is nearby!
Jessica is nearby!
You are too injured to fight recklessly!
Jessica is nearby!
Jessica is nearby!
You are too injured to fight recklessly!
You closely miss Jessica. Jessica gestures at you while chanting.
Pain shoots through your body!
You die...

..... .... ...
.................# ....
..!..............##....
.......................
.............##.......
............?........
#............#.....
######....[.......#.....
......@@...:......#.....
........................
.............#+###>.†...
.............#.....####.
............##........#.
................#...#.#.
..........##.....<... #.
..........##...#......+.
... #.. #......#.


You could see Jessica.

Vanquished Creatures
  An adder (D:2)
  2 dart slugs (D:1)
  2 endoplasms (D:1)
  A goblin (D:1)
  2 hobgoblins (D:1)
  A quokka (D:1)
  A ball python (D:1)
  5 bats
  A kobold (D:1)
  4 rats
20 creatures vanquished.

Notes
Turn   | Place    | Note
-------+----------+-------------------------------------------
     0 | D:1      | Iusername the Minotaur Fighter began the quest for the Orb.
     0 | D:1      | Reached XP level 1. HP: 19/19 MP: 0/0
    83 | D:1      | Reached XP level 2. HP: 27/27 MP: 1/1
   146 | D:1      | Found a faded altar of an unknown god.
   754 | D:2      | Reached XP level 3. HP: 31/33 MP: 2/2
   783 | D:2      | Noticed Jessica
   789 | D:2      | Killed from afar by Jessica

Illustrated notes

Levels and vault maps discovered:
D:1:      dpeg_arrival_simpleton_b, layout_loops_ring,
          hellmonk_ecumenical_altar_blasted
D:2:      layout_basic, uniq_jessica

Skill      XL: |  1  2 |
---------------+-------+-----
Fighting       | 4 |  4.1
Shields        | 4 |  4.0
Armour         | 4 |  4.1
Polearms       | |  2.9

Action                   || total
-------------------------++-------
Melee: Trident           ||    41
       Headbutt          ||     5
Armor: Scale mail        ||    15
Dodge: Dodged            ||     9
Block: Buckler           ||     4
